 Dungeon Crawl Stone Soup version 0.24.0-2-g5b39cebb1c (console) character file.

Game seed: 9702539949807814602, levelgen mode: deterministic

9592 Kagalorn the Thaumaturge (level 11, -8/80 (81) HPs)
             Began as a Gnoll Ice Elementalist on Oct 29, 2019.
             Was a Believer of the Shining One.
             Blown up by Joseph (15 damage)
             ... with a disintegration bolt
             ... on level 9 of the Dungeon.
             The game lasted 00:55:20 (13595 turns).

Kagalorn the Thaumaturge (Gnoll Ice Elementalist)  Turns: 13595, Time: 00:55:20

HP:   -8/80 (81)    AC: 15    Str: 16    XL:     11   Next: 48%
MP:   20/23         EV: 11    Int: 19    God:    the Shining One [**....]
Gold: 573           SH:  0    Dex: 15    Spells: 12/26 levels left

rFire    . . .     SeeInvis .   M - +0 lajatang
rCold    + . .     Gourm    .   (shield currently unavailable)
rNeg     + . .     Faith    .   F - +4 chain mail of the Lost Ghosts {rC+ Slay+5}
rPois    .         Spirit   .   (no helmet)
rElec    .         Reflect  .   (no cloak)
rCorr    .         Harm     .   (no gloves)
MR       .....                  i - +0 pair of boots
Stlth    +.........             (no amulet)
HPRegen  0.23/turn              r - +3 ring of strength
MPRegen  0.18/turn              u - ring of wizardry (curse)

@: glowing
A: distributed training, fangs 1, strong nose
a: Divine Shield, Renounce Religion


You were on level 9 of the Dungeon.
You worshipped the Shining One.
The Shining One was pleased with you.
You were very hungry.

You visited 2 branches of the dungeon, and saw 12 of its levels.
You also visited: Sewer.

You collected 573 gold pieces.

Inventory:

Hand Weapons
 a - a +1 flail of crushing
 B - a +4 whip
 M - a +0 lajatang (weapon)
Missiles
 d - 162 arrows
 f - 366 stones (quivered)
 k - 49 sling bullets
Armour
 i - a +0 pair of boots (worn)
 l - a +2 buckler of cold resistance
 D - the +2 robe "Luamam" {rN+ MR++ Str+2 Dex-3}
   (You found it on level 6 of the Dungeon)

   It affects your strength (+2).
   It affects your dexterity (-3).
   It protects you from negative energy.
   It affects your resistance to hostile enchantments.
 F - the +4 chain mail of the Lost Ghosts (worn) {rC+ Slay+5}
   (You found it on level 9 of the Dungeon)

   It affects your accuracy and damage with ranged weapons and melee attacks
   (+5).
   It protects you from cold.
Jewellery
 h - an uncursed ring of protection from magic
 o - an uncursed ring of fire
 r - a +3 ring of strength (left hand)
 u - a cursed ring of wizardry (right hand)
 J - an uncursed ring of protection from magic
 K - an uncursed ring of magical power {unknown}
Wands
 w - a wand of flame (16)
 E - a wand of digging (6)
 G - a wand of disintegration (18)
 I - a wand of iceblast (4)
Scrolls
 e - 2 scrolls of remove curse
 n - 2 scrolls of magic mapping
 q - 2 scrolls of enchant weapon
 x - 6 scrolls of teleportation {unknown}
 y - 3 scrolls of blinking
 C - a scroll of fog
Potions
 b - a potion of ambrosia
 g - a potion of mutation
 j - 4 potions of haste
 m - 2 potions of heal wounds
 p - a potion of curing
 s - a potion of berserk rage
 t - 3 potions of might
 v - 6 potions of flight
 z - a potion of agility
 A - 2 potions of magic
 L - a potion of resistance {unknown}
Miscellaneous
 H - a box of beasts
Comestibles
 c - 20 rations


   Skills:
 + Level 6.2 Fighting
 + Level 6.2 Short Blades
 + Level 6.2 Long Blades
 + Level 6.2 Axes
 + Level 6.2 Maces & Flails
 + Level 6.2 Polearms
 + Level 6.2 Staves
 + Level 6.2 Slings
 + Level 6.2 Bows
 + Level 6.2 Crossbows
 + Level 6.2 Throwing
 + Level 6.2 Armour
 + Level 7.8 Dodging
 + Level 7.6 Stealth
 + Level 6.2 Shields
 + Level 6.2 Unarmed Combat
 + Level 8.1 Spellcasting
 + Level 5.6 Conjurations
 + Level 5.1 Hexes
 + Level 5.1 Charms
 + Level 5.1 Summonings
 + Level 5.1 Necromancy
 + Level 5.1 Translocations
 + Level 5.1 Transmutations
 + Level 5.1 Fire Magic
 + Level 7.6 Ice Magic
 + Level 5.1 Air Magic
 + Level 5.1 Earth Magic
 + Level 5.1 Poison Magic
 + Level 6.8 Invocations
 + Level 6.2 Evocations


You had 12 spell levels left.
You knew the following spells:

 Your Spells              Type           Power        Failure   Level  Hunger
a - Freeze                Ice            ####         2%          1    None
b - Throw Icicle          Conj/Ice       ####....     32%         4    ###....
c - Conjure Flame         Conj/Fire      ####....     16%         3    None
d - Blink                 Tloc           N/A          9%          2    None
e - Summon Ice Beast      Ice/Summ       ####....     32%         4    ###....

Your spell library contained the following spells:

 Spells                   Type           Power        Failure   Level  Hunger
 Magic Dart               Conj           ####         4%          1    None
 Throw Frost              Conj/Ice       ####..       4%          2    None
 Animate Skeleton         Necr           N/A          6%          1    None
 Apportation              Tloc           ####..       6%          1    None
 Confusing Touch          Hex            ####..       6%          1    None
 Summon Butterflies       Summ           ####....     6%          1    None
 Summon Small Mammal      Summ           ####         6%          1    None
 Call Imp                 Summ           ####....     9%          2    None
 Slow                     Hex            ####....     9%          2    None
 Ozocubu's Armour         Chrm/Ice       ####....     11%         3    None
 Mephitic Cloud           Conj/Pois/Air  ####....     16%         3    None
 Call Canine Familiar     Summ           ####....     17%         3    None
 Summon Mana Viper        Hex/Summ       ####....     82%         5    #####..
 Summon Hydra             Summ           ####......   100%        7    #######


Dungeon Overview and Level Annotations

Branches:
Dungeon (11/15)            Temple (1/1) D:7            Lair (0/6) D:11
  Sewer (visited)
    Orc: D:9-12

Altars:
Ashenzari
Cheibriados
Dithmenos
Elyvilon
Fedhas
Gozag
Hepliaklqana
Kikubaaqudgha
Makhleb
Nemelex Xobeh
Okawaru
Qazlal
Ru
Sif Muna
Trog
Uskayaw
Vehumet
Wu Jian
Xom
Yredelemnul
Zin
The Shining One

Shops:
D:5 (   D:6 :   D:9 }

Annotations:
D:5 3 runed translucent doors, Mrkan's ghost, novice HOFi
D:6 3 runed translucent doors, Mandevil's ghost, novice GrTm
D:7 1 runed translucent door, AlterAsc's ghost, novice DECj
D:9 Joseph


Innate Abilities, Weirdness & Mutations

Your experience applies equally to all skills.
You have very sharp teeth.
Your uncanny sense of smell can sniff out nearby items.


Message History

Confirm with . or Enter, or press ? or * to list all spells.
A chill wind blows around you.
Joseph shouts!
Joseph zaps a wand.
You are blasted!
You swap places.
Joseph unwields a +0 quarterstaff.
Joseph wields a +0 hunting sling.
Joseph shoots a sling bullet.
The sling bullet closely misses your ice beast.
The sling bullet hits you!
Joseph shoots a sling bullet.
The sling bullet misses your ice beast. The sling bullet hits you!
You see here a sling bullet.
Your ice beast barely misses Joseph.
Joseph zaps a wand.
You are blasted!
* * * LOW HITPOINT WARNING * * *
Your ice beast hits Joseph but does no damage.
Joseph zaps a wand.
You struggle to resist.
Your ice beast hits Joseph but does no damage.
Joseph zaps a wand.
You are blasted!
You die...

#.........# #.# #.##.###
##.###..##.# #.# ##.##.# # ...#
#..##.# #.# #..##.# # .###
#..##.# ########.###.###.# #
.#####..##.###..........#.# #.# #
.............(.Y@......##'###.#**
#######..#.###...####.##...##..,,
#..#.# #...# ###.≈.≈.#.#** #..#.#
#..@# ***#≈≈.≈≈#,* * #..#.###...#
*,,#≈≈_≈≈#,* *
#######..........#**,*#≈#∩#≈#** *
........#.........>..,#######****
#######..............#,*****,,,>,
####.###.#####..,,*,*******
#.......,,,,<,,,,*
#####....,,,,,,*** ######******


You could see Joseph and a friendly ice beast.

Vanquished Creatures
  2 two-headed ogres
  An unseen horror (D:10)
  A troll (D:10)
  2 hippogriffs
  9 yaks
  A wraith (D:10)
  Eustachio (D:5)
  A warg (D:11)
  A water moccasin (D:7)
  A sky beast (D:9)
  3 ice beasts
  A black bear (D:6)
  2 phantoms
  2 orc warriors (D:6)
  10 ogres
  A necrophage (D:8)
  2 centaurs
  A crocodile (D:9)
  Blork the orc (D:5)
  A big kobold (D:10)
  4 bullfrogs
  4 scorpions
  2 jellies
  6 killer bees (D:7)
  A howler monkey (D:6)
  A bullfrog zombie (D:6)
  4 crimson imps
  A centaur zombie (D:2)
  4 hounds
  8 orc priests
  4 centaur skeletons
  10 orc wizards
  3 bullfrog skeletons
  4 iguanas
  8 worker ants
  A hound zombie (D:6)
  2 worker ant zombies (D:10)
  A river rat (D:5)
  17 adders
  2 shadow imps (D:7)
  13 oozes
  An adder zombie (D:6)
  An adder skeleton (D:7)
  A worm (D:2)
  2 dart slugs (D:3)
  20 leopard geckos
  36 orcs
  3 bats
  8 giant cockroaches
  3 goblins (D:2)
  4 hobgoblins
  13 jackals
  11 kobolds
  A quokka (D:2)
  8 ball pythons
  A ball python skeleton (D:5)
  18 frilled lizards
  7 rats
282 creatures vanquished.

Vanquished Creatures (collateral kills)
  A troll (D:11)
  A yak (D:10)
  A vampire (D:11)
  A warg (D:11)
  An orc warrior (D:11)
  An ogre (D:10)
  An orc (D:8)
  3 jackals (D:11)
10 creatures vanquished.

Vanquished Creatures (others)
  A hornet (D:9)
1 creature vanquished.

Grand Total: 293 creatures vanquished

Notes
Turn   | Place    | Note
-------+----------+-------------------------------------------
     0 | D:1      | Kagalorn the Gnoll Ice Elementalist began the quest for the
                  | Orb.
     0 | D:1      | Reached XP level 1. HP: 13/13 MP: 6/6
   346 | D:1      | Reached XP level 2. HP: 8/20 MP: 4/7
  1283 | D:2      | Reached XP level 3. HP: 25/25 MP: 7/9
  1396 | D:2      | Noticed an ogre
  1538 | D:2      | Reached skill level 5 in Spellcasting
  1714 | D:2      | Reached skill level 1 in Invocations
  2094 | D:3      | Reached skill level 1 in Fighting
  2094 | D:3      | Reached skill level 1 in Short Blades
  2094 | D:3      | Reached skill level 1 in Long Blades
  2094 | D:3      | Reached skill level 1 in Axes
  2094 | D:3      | Reached skill level 1 in Maces & Flails
  2094 | D:3      | Reached skill level 1 in Polearms
  2094 | D:3      | Reached skill level 1 in Staves
  2094 | D:3      | Reached skill level 1 in Slings
  2094 | D:3      | Reached skill level 1 in Bows
  2094 | D:3      | Reached skill level 1 in Crossbows
  2094 | D:3      | Reached skill level 1 in Throwing
  2094 | D:3      | Reached skill level 1 in Armour
  2094 | D:3      | Reached skill level 1 in Shields
  2094 | D:3      | Reached skill level 1 in Unarmed Combat
  2094 | D:3      | Reached skill level 1 in Evocations
  2094 | D:3      | Reached XP level 4. HP: 28/32 MP: 8/11
  2354 | D:3      | Learned a level 2 spell: Blink
  2397 | D:3      | Reached skill level 1 in Hexes
  2397 | D:3      | Reached skill level 1 in Charms
  2397 | D:3      | Reached skill level 1 in Summonings
  2397 | D:3      | Reached skill level 1 in Necromancy
  2397 | D:3      | Reached skill level 1 in Translocations
  2397 | D:3      | Reached skill level 1 in Transmutations
  2397 | D:3      | Reached skill level 1 in Fire Magic
  2397 | D:3      | Reached skill level 1 in Air Magic
  2397 | D:3      | Reached skill level 1 in Earth Magic
  2397 | D:3      | Reached skill level 1 in Poison Magic
  2403 | D:3      | Reached XP level 5. HP: 35/37 MP: 2/12
  2620 | D:3      | Learned a level 3 spell: Conjure Flame
  3036 | D:4      | Reached XP level 6. HP: 28/44 MP: 5/13
  3121 | D:4      | Reached skill level 5 in Dodging
  3399 | D:2      | Reached XP level 7. HP: 50/50 MP: 7/15
  4250 | D:5      | Entered Level 5 of the Dungeon
  4263 | D:5      | Found a runed translucent gate.
  4263 | D:5      | Found a runed translucent gate.
  4263 | D:5      | Found a runed translucent gate.
  4267 | D:5      | Found Hyfukat's Antique Weapon Boutique.
  4268 | D:5      | Noticed Mrkan's ghost (novice HOFi)
  4275 | D:5      | Reached skill level 5 in Stealth
  4318 | D:5      | Found a glowing drain.
  4465 | Sewer    | Entered a sewer
  4587 | Sewer    | Reached XP level 8. HP: 57/57 MP: 8/16
  5003 | D:5      | Noticed Blork the orc
  5022 | D:5      | Killed Blork the orc
  5076 | D:5      | Found the +2 cloak of the Thief {+Fog Slay-2 SInv Stlth+}
  5297 | D:5      | Reached skill level 6 in Spellcasting
  5604 | D:5      | Noticed Eustachio
  5614 | D:5      | Killed Eustachio
  5921 | D:6      | Reached XP level 9. HP: 63/65 MP: 13/18
  6028 | D:6      | Noticed Mandevil's ghost (novice GrTm)
  6107 | D:6      | Got a creamy pearl robe
  6118 | D:6      | Identified the +2 robe "Luamam" {rN+ MR++ Str+2 Dex-3} (You
                  | found it on level 6 of the Dungeon)
  6151 | D:6      | Found Vetzekk's Book Shop.
  6160 | D:6      | Found a runed translucent gate.
  6160 | D:6      | Found a runed translucent gate.
  6160 | D:6      | Found a runed translucent gate.
  6353 | D:6      | Learned a level 4 spell: Throw Icicle
  6358 | D:6      | Learned a level 4 spell: Summon Ice Beast
  6920 | D:7      | Found a runed translucent door.
  6929 | D:7      | Noticed AlterAsc's ghost (novice DECj)
  6957 | D:7      | Found a shattered altar of Ashenzari.
  7475 | D:7      | Found a staircase to the Ecumenical Temple.
  7497 | Temple   | Entered the Ecumenical Temple
  7734 | Temple   | Became a worshipper of the Shining One
  8080 | D:7      | Reached skill level 5 in Invocations
  8287 | D:8      | HP: 1/66 [centaur/arrow (11)]
  8613 | D:8      | Reached skill level 7 in Spellcasting
  8613 | D:8      | Reached XP level 10. HP: 45/73 MP: 2/20
  9165 | D:8      | Reached * piety under the Shining One
  9406 | D:10     | Entered Level 10 of the Dungeon
  9714 | D:10     | Noticed a two-headed ogre
  9728 | D:9      | Reached skill level 5 in Fighting
  9728 | D:9      | Reached skill level 5 in Short Blades
  9728 | D:9      | Reached skill level 5 in Long Blades
  9728 | D:9      | Reached skill level 5 in Axes
  9728 | D:9      | Reached skill level 5 in Maces & Flails
  9728 | D:9      | Reached skill level 5 in Polearms
  9728 | D:9      | Reached skill level 5 in Staves
  9728 | D:9      | Reached skill level 5 in Slings
  9728 | D:9      | Reached skill level 5 in Bows
  9728 | D:9      | Reached skill level 5 in Crossbows
  9728 | D:9      | Reached skill level 5 in Throwing
  9728 | D:9      | Reached skill level 5 in Armour
  9728 | D:9      | Reached skill level 5 in Shields
  9728 | D:9      | Reached skill level 5 in Unarmed Combat
  9728 | D:9      | Reached skill level 5 in Evocations
  9882 | D:9      | Noticed a two-headed ogre
  9919 | D:9      | Killed a two-headed ogre
 10224 | D:9      | Got a crude chain mail
 10235 | D:9      | Identified the +4 chain mail of the Lost Ghosts {rC+
                  | Slay+5} (You found it on level 9 of the Dungeon)
 10303 | D:9      | Noticed Joseph
 10512 | D:9      | Found Pidot's Gadget Shoppe.
 10579 | D:9      | Reached skill level 5 in Conjurations
 10683 | D:9      | Found a burning altar of Makhleb.
 10877 | D:10     | Killed a two-headed ogre
 11090 | D:10     | Reached XP level 11. HP: 80/80 MP: 0/22
 11251 | D:10     | Noticed an unseen horror
 11268 | D:10     | Killed an unseen horror
 11269 | D:10     | Reached ** piety under the Shining One
 11816 | D:10     | Reached skill level 5 in Hexes
 11816 | D:10     | Reached skill level 5 in Charms
 11816 | D:10     | Reached skill level 5 in Summonings
 11816 | D:10     | Reached skill level 5 in Necromancy
 11816 | D:10     | Reached skill level 5 in Translocations
 11816 | D:10     | Reached skill level 5 in Transmutations
 11816 | D:10     | Reached skill level 5 in Fire Magic
 11816 | D:10     | Reached skill level 5 in Air Magic
 11816 | D:10     | Reached skill level 5 in Earth Magic
 11816 | D:10     | Reached skill level 5 in Poison Magic
 12266 | D:11     | Found a staircase to the Lair.
 12291 | D:11     | Reached skill level 8 in Spellcasting
 12766 | D:10     | HP: 4/80 [yak (16)]
 13473 | D:9      | Found a burning altar of Makhleb.
 13595 | D:9      | Blown up by Joseph

Levels and vault maps discovered:
D:1:      lightli_arrival_flooded_house, layout_basic,
          minmay_misc_feat_four_crosses, minmay_quantized
D:2:      layout_loops_corners, small_statue_intersection
D:3:      layout_loops_corners
D:4:      layout_cave_pools, first_ration, hangedman_decor_peaks_small
D:5:      layout_cave_pools, serial_shops, nicolae_shop_waterfront,
          cheibrodos_sewer_entry_sluice, gammafunk_ghost_necromancy,
          uniq_eustachio, uniq_blork_the_orc
D:6:      minmay_octagon_keep, layout_basic, serial_shops, kennysheep_mini,
          gammafunk_ghost_icy, lightli_orcish_oven
D:7:      layout_loops_cross, minmay_temple_entry_overgrown, basic_altar,
          hellmonk_ghost_happy_afterlife
D:8:      layout_loops_cross
D:9:      layout_loops_ring, makhleb_grotto_becter, serial_shops, shop,
          uniq_joseph
D:10:     layout_long_grid
D:11:     layout_cave_pools, erik_lair_orcish_takeover
Temple:   nicolae_temple_the_god_donut

Skill      XL: |  1  2  3  4  5  6  7  8  9 10 11 |
---------------+----------------------------------+-----
Conjurations   | 2 3 4 5 |  5.6
Spellcasting   | 5 6 7 8 |  8.1
Invocations    | 1 2 3 4 5 6 |  6.8
Fighting       | 1 2 3 4 5 6 |  6.2
Short Blades   | 1 2 3 4 5 6 |  6.2
Long Blades    | 1 2 3 4 5 6 |  6.2
Axes           | 1 2 3 4 5 6 |  6.2
Maces & Flails | 1 2 3 4 5 6 |  6.2
Polearms       | 1 2 3 4 5 6 |  6.2
Staves         | 1 2 3 4 5 6 |  6.2
Slings         | 1 2 3 4 5 6 |  6.2
Bows           | 1 2 3 4 5 6 |  6.2
Crossbows      | 1 2 3 4 5 6 |  6.2
Throwing       | 1 2 3 4 5 6 |  6.2
Armour         | 1 2 3 4 5 6 |  6.2
Shields        | 1 2 3 4 5 6 |  6.2
Unarmed Combat | 1 2 3 4 5 6 |  6.2
Evocations     | 1 2 3 4 5 6 |  6.2
Hexes          | 1 2 3 4 5 |  5.1
Charms         | 1 2 3 4 5 |  5.1
Summonings     | 1 2 3 4 5 |  5.1
Necromancy     | 1 2 3 4 5 |  5.1
Translocations | 1 2 3 4 5 |  5.1
Transmutations | 1 2 3 4 5 |  5.1
Fire Magic     | 1 2 3 4 5 |  5.1
Air Magic      | 1 2 3 4 5 |  5.1
Earth Magic    | 1 2 3 4 5 |  5.1
Poison Magic   | 1 2 3 4 5 |  5.1
Dodging        | 5 6 7 |  7.8
Stealth        | 5 6 7 |  7.6
Ice Magic      | 6 7 |  7.6

Action                   |  1- 3 |  4- 6 |  7- 9 | 10-12 || total
-------------------------+-------+-------+-------+-------++-------
Melee: Whip              |    50 |    13 |       |       ||    63
       Bite              |     3 |     1 |    13 |    26 ||    43
       Punch             |     1 |       |     1 |       ||     2
       Flail             |       |    12 |   109 |   160 ||   281
       Lajatang          |       |       |       |    19 ||    19
Throw: Stone             |       |     9 |    37 |    19 ||    65
 Cast: Freeze            |    34 |    66 |   264 |    87 ||   451
       Conjure Flame     |       |     1 |     3 |    10 ||    14
       Throw Icicle      |       |       |     5 |    27 ||    32
       Summon Ice Beast  |       |       |     1 |    13 ||    14
       Blink             |       |       |       |     1 ||     1
  Use: Scroll            |       |     1 |    13 |     5 ||    19
       Potion            |       |       |     3 |       ||     3
  Eat: Chunk             |     3 |     4 |    14 |    12 ||    33
       Ration            |       |       |     1 |     2 ||     3
Armor: Robe              |     1 |       |    20 |    28 ||    49
       Ring mail         |    24 |    19 |    43 |       ||    86
Dodge: Dodged            |    64 |    39 |   207 |   165 ||   475
Block: Buckler           |       |       |    50 |    76 ||   126
